AoeStats
← Shredded_Pork

Arena

509279218Analyzed
4v4 RM · 6d ago on Sep 26, 2026· 52m 34s· 8 players
Game mode
Random Map
Map size
Large (8 player)
Population
200
Speed
Normal
Resources
Standard
Victory
Conquest
Starting age
Dark Age
Ending age
Imperial Age
RankedLock teamsTeams togetherTeam positionsShared explorationLock speedFull tech treeHidden civsTurbo modeCheats
Victory
Defeat
🇨🇳 Mongols · China
842
+16
🇵🇪 Turks · Peru
821
+16
🇦🇷 Malay · Argentina
818
+17
🇺🇸 Vikings · United States
809
+17
🇭🇰 Danes · Hong Kong SAR China
880
-18
🇭🇰 Byzantines · Hong Kong SAR China
866
-19
🇨🇳 Franks · China
852
-17
🇨🇳 Bohemians · China
728
-12
Brauliomagno
10:37 Feudal Age
11:47 Double-Bit Axe
11:54 Horse Collar
13:50 Wheelbarrow
17:15 Castle Age
15:40 Stone Mining
21:34 Gold Mining
24:01 Hand Cart
24:04 Fletching
24:38 Padded Archer Armor
24:58 Bodkin Arrow
24:40 Crossbowman
25:52 Thumb Ring
27:12 Gold Shaft Mining
30:58 Stone Shaft Mining
34:04 Imperial Age
32:23 Leather Archer Armor
32:56 Bow Saw
33:42 Ballistics
34:31 Chemistry
33:02 Arbalester
34:03 Bracer
41:10 Murder Holes
46:26 Conscription
46:10 Forced Levy
46:33 Man-at-Arms
47:15 Squires
47:03 Arson
47:36 Forging
47:59 Ring Archer Armor
47:30 Long Swordsman
47:30 Pikeman
48:17 Two-Handed Swordsman
50:10 Iron Casting
oxrollin
0:47 Loom
2:20 Loom
2:35 Loom
12:17 Feudal Age
15:18 Double-Bit Axe
15:34 Horse Collar
21:42 Castle Age
28:13 Scale Mail Armor
30:50 Bow Saw
32:11 Ballistics
32:48 Heavy Plow
41:32 Imperial Age
44:19 Conscription
44:36 Gold Mining
44:22 Elite Varangian Guard
45:05 Squires
47:27 Crop Rotation
48:10 Scale Mail Armor
48:21 Forging
49:43 Capped Ram
50:38 Siege Ram
53:03 Gold Shaft Mining
Hugo2001
10:50 Feudal Age
15:32 Castle Age
21:44 Imperial Age
19:53 Double-Bit Axe
28:38 Town Watch
31:22 Padded Archer Armor
猫猫儿W
10:49 Feudal Age
10:59 Loom
12:16 Double-Bit Axe
18:26 Castle Age
17:05 Gold Mining
16:58 Horse Collar
17:51 Fletching
19:47 Bodkin Arrow
20:26 Thumb Ring
21:24 Gold Shaft Mining
25:20 Bow Saw
26:18 Ballistics
26:11 Padded Archer Armor
26:29 Heavy Plow
30:43 Bloodlines
30:33 Husbandry
32:33 Wheelbarrow
31:47 Town Watch
32:51 Scale Barding Armor
32:56 Forging
33:02 Leather Archer Armor
33:51 Hand Cart
34:28 Light Cavalry
40:11 Imperial Age
40:30 Stone Mining
40:50 Town Patrol
41:15 Capped Ram
41:27 Elite Steppe Lancer
43:28 Onager
45:57 Chain Barding Armor
46:13 Iron Casting
46:43 Chemistry
47:19 Siege Ram
49:02 Blast Furnace
48:36 Conscription
48:38 Drill
Shredded_Pork
10:35 Feudal Age
11:14 Double-Bit Axe
11:11 Horse Collar
20:00 Castle Age
22:00 Bow Saw
21:56 Heavy Plow
26:33 Elite Skirmisher
34:18 Imperial Age
35:38 Ballistics
36:18 Chemistry
38:25 Two-Man Saw
38:12 Conscription
39:05 Wheelbarrow
38:38 Scale Mail Armor
38:51 Forging
38:42 Padded Archer Armor
38:32 Fletching
38:13 Houfnice
ctgu_lishengfei
6:00 Loom
11:52 Feudal Age
16:21 Castle Age
14:51 Double-Bit Axe
15:46 Scale Barding Armor
17:22 Husbandry
18:36 Forging
21:28 Bow Saw
24:54 Wheelbarrow
25:17 Chain Barding Armor
26:27 Iron Casting
29:59 Hand Cart
34:13 Scale Mail Armor
37:47 Imperial Age
39:34 Cavalier
46:47 Elite Skirmisher
215825245
0:40 Loom
11:47 Feudal Age
16:47 Castle Age
15:25 Double-Bit Axe
15:52 Horse Collar
26:12 Imperial Age
25:20 Fletching
24:55 Light Cavalry
29:46 Wheelbarrow
42:19 Heavy Plow
43:44 Scale Barding Armor
44:03 Forging
45:44 Chemistry
47:19 Hand Cart
47:47 Caravan
49:11 Cavalier
49:52 Husbandry
50:32 Iron Casting
50:18 Chain Barding Armor
50:30 Conscription
50:02 Gold Mining
49:56 Elite Skirmisher
732436706
10:18 Feudal Age
10:51 Double-Bit Axe
16:59 Castle Age
15:13 Horse Collar
17:00 Scale Mail Armor
18:07 Bow Saw
18:50 Scale Barding Armor
20:16 Heavy Plow
21:37 Bloodlines
21:28 Husbandry
22:58 Squires
23:13 Arson
23:15 Gambesons
23:41 Scale Mail Armor
25:43 Wheelbarrow
27:38 Hand Cart
29:25 Gold Mining
30:24 Loom
32:25 Gold Shaft Mining
31:42 Stone Mining
32:30 Hamask
34:03 Forging
34:35 Stone Shaft Mining
38:46 Imperial Age
36:36 Chain Mail Armor
36:31 Forging
36:09 Elite Skirmisher
38:27 Ballistics
38:15 Thumb Ring
40:30 Plate Mail Armor
40:35 Iron Casting
40:01 Padded Archer Armor
39:51 Fletching
41:16 Chemistry
39:47 Northmen's Fury
41:26 Conscription
41:03 Elite Jomsviking
42:07 Fletching
44:18 Leather Archer Armor
43:59 Bodkin Arrow
45:04 Blast Furnace
43:39 Elite Jomsviking
46:28 Man-at-Arms
47:48 Murder Holes
49:05 Ring Archer Armor
48:35 Bracer
48:20 Elite Varangian Guard
49:22 Caravan
Connection lost

Rejoining the realm…

Still unreachable

The connection could not be restored.

Session expired

The server has moved on; the page needs a fresh start.